 Dungeon Crawl Stone Soup version 0.20.1-1-g8b1a95d (webtiles) character file.

5689 Kosschaser the Cleaver (level 10, -2/90 HPs)
             Began as a Hill Orc Berserker on July 1, 2017.
             Was an Elder of Trog.
             Slain by a yak (5 damage)
             ... on level 9 of the Dungeon on July 4, 2017.
             The game lasted 00:31:17 (8138 turns).

Kosschaser the Cleaver (Hill Orc Berserker)         Turns: 8138, Time: 00:31:18

Health: -2/90      AC: 10    Str: 22    XL:     10   Next: 75%
Magic:  10/10      EV: 13    Int:  7    God:    Trog [****..]
Gold:   497        SH:  0    Dex: 17    Spells: 9/9 levels left

rFire    . . .     SeeInvis .   a - +0 hand axe
rCold    . . .     Gourm    .   (no shield)
rNeg     . . .     Faith    .   k - +1 scale mail {rPois}
rPois    +         Spirit   .   (no helmet)
rElec    .         Reflect  .   (no cloak)
rCorr    .         Harm     .   s - +0 pair of gloves
MR       ++...                  (no boots)
Stlth    ..........             n - amulet of magic regeneration
Regen    1.3/turn               r - +5 ring of dexterity
MPRegen  0.2/turn               y - ring of loudness (curse)

@: regenerating
A: no striking features
a: Berserk, Trog's Hand, Brothers in Arms, Burn Spellbooks, Renounce Religion


You were on level 9 of the Dungeon.
You worshipped Trog.
Trog was greatly pleased with you.
You were not hungry.

You visited 1 branch of the dungeon, and saw 9 of its levels.

You collected 497 gold pieces.

Inventory:

Hand Weapons
 a - a +0 hand axe (weapon)
Armour
 k - a +1 scale mail of poison resistance (worn)
 s - a +0 pair of gloves (worn)
Jewellery
 n - an amulet of magic regeneration (around neck)
 r - a +5 ring of dexterity (left hand)
 y - a cursed ring of loudness (right hand)
Wands
 t - a wand of polymorph (17/24)
 z - a wand of iceblast (10/15)
 E - a wand of iceblast (2/15)
 H - a wand of flame (31/48)
 I - a wand of paralysis (12/24)
Scrolls
 b - a scroll of noise
 e - 3 scrolls of remove curse
 g - 2 scrolls of teleportation
 i - 2 scrolls of fear
 o - 3 scrolls of enchant weapon
 p - a scroll of amnesia {unknown}
 q - 2 scrolls of recharging
 v - a scroll of enchant armour
 F - a scroll of fog {unknown}
Potions
 d - a potion of heal wounds {unknown}
 f - 3 potions of degeneration {unknown}
 h - 3 potions of flight {unknown}
 j - 3 potions of agility {unknown}
 l - 4 potions of curing
 m - a potion of mutation {unknown}
 u - a potion of haste {unknown}
 w - a potion of brilliance
 x - 2 potions of resistance {unknown}
 B - a potion of magic
 D - a potion of might {unknown}
 J - a potion of lignification {unknown}
Books
 A - a book of Debilitation

   Spells                             Type                      Level
   a - Corona                         Hexes                        1
   b - Slow                           Hexes                        2
   c - Inner Flame                    Hexes/Fire                   3
   d - Portal Projectile              Hexes/Translocation          3
   e - Cause Fear                     Hexes                        4
   f - Leda's Liquefaction            Hexes/Earth                  4
   Trog disapproves of the use of such an item.
 K - a book of Flames

   Spells                             Type                      Level
   a - Flame Tongue                   Conjuration/Fire             1
   b - Throw Flame                    Conjuration/Fire             2
   c - Conjure Flame                  Conjuration/Fire             3
   d - Inner Flame                    Hexes/Fire                   3
   e - Sticky Flame                   Conjuration/Fire             4
   f - Fireball                       Conjuration/Fire             5
   Trog disapproves of the use of such an item.
Comestibles
 c - 3 bread rations
 C - a meat ration
 G - 5 fruits
 L - 2 chunks of flesh


   Skills:
 + Level 8.9 Fighting
 + Level 13.4 Axes
 + Level 8.8 Armour
 + Level 5.3 Dodging


You had 9 spell levels left.
You didn't know any spells.

Dungeon Overview and Level Annotations

Branches:
Dungeon (9/15)             Temple (0/1) D:7
   Lair: D:8-11         Orc: D:9-12

Altars:
Dithmenos
Hepliaklqana
Makhleb
Nemelex Xobeh
Ru
Trog
Xom
Yredelemnul

Shops:
D:4 }

Annotations:
D:6 2 transporters


Message History

The yak completely misses you.
You slash the yak!
You kill the yak!
Trog accepts your kill.
You hit the yak but do no damage. You barely miss the yak.
The yak gores you but does no damage. The yak barely misses you.
The yak gores you!
You see here a yak corpse.
You barely miss the yak. You slash the yak!
Your scale mail prevents you from hitting the yak.
The yak gores you! x2
* * * LOW HITPOINT WARNING * * *
The yak gores you!
* * * LOW HITPOINT WARNING * * *
Your skin crawls.
You feel resistant to hostile enchantments.
You feel somewhat more hungry. The yak gores you!
* * * LOW HITPOINT WARNING * * *
The yak gores you but does no damage. The yak gores you.
You die...

......÷...........
.......†...†...........#
.......................#
.......................#
...#####'#######.......#
####......†....#.......#
..............#........
..............#Y.....?.
..............'@Y......
..............#Y.......
####.#+########........
. ## ......... ..
......... .. #.........
.. #######... .. ...


You could see 3 yaks.

Vanquished Creatures
  Erica (D:8)
  Pikel (D:4)
  Grinder (D:4)
  Prince Ribbit (D:5)
  A hippogriff (D:9)
  2 yaks (D:9)
  Edmund (D:4)
  An orc warrior (D:7)
  Duvessa (D:5)
  A sky beast (D:5)
  2 ice beasts
  A black bear (D:7)
  4 ogres
  3 slaves (D:4)
  2 phantoms
  A centaur (D:7)
  A crocodile (D:9)
  A big kobold (D:6)
  7 bullfrogs
  Dowan (D:5)
  3 scorpions
  4 killer bees (D:9)
  A bullfrog zombie (D:6)
  3 centaur zombies
  A quasit (D:8)
  A jelly (D:8)
  2 hounds
  A bullfrog skeleton (D:4)
  4 orc priests
  8 orc wizards
  3 centaur skeletons
  3 iron imps (D:4)
  Ijyb (D:5)
  3 iguanas
  4 worker ants
  A killer bee zombie (D:6)
  A hound skeleton (D:7)
  A worker ant zombie (D:7)
  6 adders
  11 gnolls
  2 shadow imps
  2 adder skeletons
  An adder zombie (D:6)
  2 worms (D:6)
  A dart slug (D:1)
  3 leopard geckos
  19 orcs
  9 bats
  15 giant cockroaches
  7 goblins
  6 hobgoblins
  11 jackals
  13 kobolds
  5 quokkas
  2 ball pythons
  5 frilled lizards
  8 rats
207 creatures vanquished.

Vanquished Creatures (collateral kills)
  A troll (D:9)
  A yak (D:9)
  A worker ant (D:9)
3 creatures vanquished.

Vanquished Creatures (others)
  An adder skeleton (D:4)
1 creature vanquished.

Grand Total: 211 creatures vanquished

Notes
Turn   | Place    | Note
-------+----------+-------------------------------------------
     0 | D:1      | Kosschaser the Hill Orc Berserker began the quest for the Orb.
     0 | D:1      | Reached XP level 1. HP: 19/19 MP: 1/1
   130 | D:1      | Reached XP level 2. HP: 16/27 MP: 2/2
   719 | D:1      | Reached ** piety under Trog
   919 | D:1      | Reached XP level 3. HP: 29/33 MP: 3/3
  1426 | D:2      | Reached skill level 5 in Axes
  1426 | D:2      | Reached XP level 4. HP: 37/40 MP: 4/4
  1927 | D:3      | Reached XP level 5. HP: 42/46 MP: 5/5
  2038 | D:3      | Reached skill level 6 in Axes
  2262 | D:3      | Reached XP level 6. HP: 34/53 MP: 6/6
  2441 | D:3      | Reached *** piety under Trog
  2725 | D:4      | Noticed Grinder
  2736 | D:4      | Killed Grinder
  2736 | D:4      | Reached skill level 7 in Axes
  2736 | D:4      | Reached XP level 7. HP: 60/60 MP: 7/7
  2765 | D:4      | Found a sacrificial altar of Ru.
  2817 | D:4      | Found Hacaas's Gadget Shop.
  2856 | D:4      | Found a shimmering altar of Xom.
  2902 | D:4      | Upgraded the game from 0.20.0-15-g7f486f2 to 0.20.1-1-g8b1a95d
  3264 | D:4      | Noticed Pikel
  3281 | D:4      | Killed Pikel
  3281 | D:4      | Reached skill level 5 in Fighting
  3281 | D:4      | Reached skill level 9 in Axes
  3281 | D:4      | Reached XP level 8. HP: 69/69 MP: 8/8
  3428 | D:4      | Noticed Edmund
  3457 | D:4      | Killed Edmund
  3457 | D:4      | Reached skill level 5 in Armour
  3474 | D:4      | Found a burning altar of Makhleb.
  3640 | D:5      | Entered Level 5 of the Dungeon
  3807 | D:5      | Reached skill level 10 in Axes
  4092 | D:5      | Noticed Prince Ribbit
  4108 | D:5      | Killed Prince Ribbit
  4108 | D:5      | Reached XP level 9. HP: 22/77 MP: 9/9
  4414 | D:5      | Noticed Duvessa
  4414 | D:5      | Noticed Dowan
  4427 | D:5      | Killed Duvessa
  4430 | D:5      | Killed Dowan
  4539 | D:5      | Found a shadowy altar of Dithmenos.
  4590 | D:5      | Noticed Ijyb
  4603 | D:5      | Killed Ijyb
  4718 | D:5      | Found a basalt altar of Yredelemnul.
  4951 | D:6      | Reached skill level 11 in Axes
  5068 | D:6      | Found a transporter.
  5099 | D:6      | Found a transporter.
  5407 | D:6      | Reached **** piety under Trog
  5640 | D:6      | Found a bloodstained altar of Trog.
  5819 | D:7      | Found a sparkling altar of Nemelex Xobeh.
  6276 | D:7      | Reached skill level 12 in Axes
  6299 | D:7      | Reached XP level 10. HP: 86/86 MP: 10/10
  6435 | D:7      | Found a transporter.
  6439 | D:7      | Noticed a kobold demonologist
  6453 | D:7      | Found a transporter.
  6849 | D:7      | Found a staircase to the Ecumenical Temple.
  6982 | D:8      | Found a hazy altar of Hepliaklqana.
  7009 | D:8      | Noticed Erica
  7026 | D:8      | Killed Erica
  7026 | D:8      | Reached skill level 5 in Dodging
  7122 | D:8      | Received a gift from Trog
  7185 | D:8      | Got a translucent quarterstaff
  7863 | D:9      | Reached skill level 13 in Axes
  8138 | D:9      | HP: 3/90 [yak (10)]
  8138 | D:9      | Slain by a yak

Skill      XL: |  1  2  3  4  5  6  7  8  9 10 |
---------------+-------------------------------+-----
Dodging        | 2 3 4 5 |  5.3
Fighting       | 4 5 6 7 8 |  8.9
Axes           | 5 6 7 9 10 12 13 | 13.4
Armour         | 3 4 6 7 8 |  8.8

Action                   |  1- 3 |  4- 6 |  7- 9 | 10-12 || total
-------------------------+-------+-------+-------+-------++-------
Melee: Hand axe          |   116 |   127 |   491 |   260 ||   994
Invok: Trog's Hand       |     2 |     1 |     7 |     2 ||    12
       Berserk           |     1 |     3 |     5 |     2 ||    11
       Brothers in Arms  |       |       |       |     1 ||     1
  Use: Scroll            |       |       |     8 |     5 ||    13
 Stab: Paralysed         |       |       |     1 |       ||     1
  Eat: Chunk             |     2 |     7 |    14 |     6 ||    29
       Meat ration       |       |       |     1 |       ||     1
       Bread ration      |       |       |       |     1 ||     1
Armor: Animal skin       |    37 |       |       |       ||    37
       Scale mail        |     2 |    73 |   152 |    81 ||   308
Dodge: Dodged            |    92 |    95 |   216 |   162 ||   565
